 Dungeon Crawl Stone Soup version 0.27-a0-1256-gced786f65e (webtiles) character file.

Game seed: 2779562676464325421

8088 Ge0ff the Cleaver (level 11, -1/144 HPs)
             Began as a Deep Dwarf Fighter on June 10, 2021.
             Was a Priest of Ashenzari.
             Slain by a 15-headed hydra (3 damage)
             ... on level 12 of the Dungeon.
             The game lasted 00:31:41 (2681 turns).

Ge0ff the Cleaver (Deep Dwarf Fighter)              Turns: 2681, Time: 00:31:42

Health: -1/144     AC: 13    Str: 24    XL:     11   Next: 5%
Magic:  8/8        EV: 10    Int:  8    God:    Ashenzari [***...]
Gold:   133        SH: 13    Dex: 12    Spells: 15/15 levels left

rFire    x . .     SeeInvis +   a - +0 war axe of the Tethered Pleiades {Melee, Alch} (curse)
rCold    . . .     Faith    .   c - +0 kite shield "Enigmatic Soothsayer" {Fort, Cun} (curse)
rNeg     . . .     Spirit   .   I - +0 chain mail
rPois    +         Reflect  .   (no helmet)
rElec    .         Harm     .   P - +0 cloak of Ashenzari's Ordeal {Fort, Alch} (curse)
rCorr    +         Rampage  .   (no gloves)
Will     +....     Clarity  +   (no boots)
Stlth    ..........             (no amulet)
HPRegen  0.00/turn              R - ring of the Eternal Affliction {Fly rPois rC- rCorr, Range, Melee} (curse)
MPRegen  0.11/turn              N - ring of the Cursed Autotheism {Ice, Alch, Fort} (curse)

@: berserking (expiring), flying, very quick
A: damage resistance, heal wounds, sense surroundings 2, no regeneration
a: Heal Wounds, Renounce Religion, Shatter the Chains


You were on level 12 of the Dungeon.
You worshipped Ashenzari.
Ashenzari was most pleased with you.
You visited 2 branches of the dungeon, and saw 13 of its levels.
You also visited: Sewer.

You collected 133 gold pieces.

Inventory:

Hand Weapons
 a - the cursed +0 war axe of the Tethered Pleiades (weapon) {Melee, Alch}

   It has a curse which improves the following skills: Melee Combat: Short
   Blades, Long Blades, Axes, Maces & Flails, Polearms, Staves and Unarmed
   Combat.
   Alchemy:   Poison Magic and Transmutations.
 G - a +0 war axe
 M - a +0 short sword of distortion
 O - a +5 battleaxe
 Q - a +0 morningstar
 S - a +2 mace of protection
 Y - a +2 short sword of venom
Missiles
 v - a curare-tipped dart {=f}
 C - 4 boomerangs (quivered)
 D - 72 poisoned darts
Armour
 b - a +0 scale mail
 c - the cursed +0 kite shield "Enigmatic Soothsayer" (worn) {Fort, Cun}

   It has a curse which improves the following skills: Fortitude: Armour and
   Shields.
   Cunning:   Dodging and Stealth.
 H - a +0 chain mail
 I - a +0 chain mail (worn)
 P - the cursed +0 cloak of Ashenzari's Ordeal (worn) {Fort, Alch}
   (You took it off Maurice on level 9 of the Dungeon)

   It has a curse which improves the following skills: Fortitude: Armour and
   Shields.
   Alchemy:   Poison Magic and Transmutations.
Jewellery
 N - the cursed ring of the Cursed Autotheism (right hand) {Ice, Alch, Fort}
   (You found it on level 1 of the Dungeon)

   [ring of ice]

   It enhances your ice magic.
   It makes you vulnerable to fire.
   It protects you from cold.
   It has a curse which improves the following skills: Alchemy: Poison Magic and
   Transmutations.
   Fortitude: Armour and Shields.
 R - the cursed ring of the Eternal Affliction (left hand) {Fly rPois rC- rCorr, Range, Melee}
   (You found it on level 4 of the Dungeon)

   [ring of flight]

   It makes you vulnerable to cold.
   It protects you from poison.
   It grants you flight.
   It protects you from acid and corrosion.
   It has a curse which improves the following skills: Ranged Combat: Slings,
   Bows, Crossbows and Throwing.
   Melee Combat: Short Blades, Long Blades, Axes, Maces & Flails, Polearms,
   Staves and Unarmed Combat.
Wands
 d - a wand of digging (2)
 f - a wand of flame (39)
Scrolls
 E - 2 scrolls of fear
 F - a scroll of fog
 J - 2 scrolls of enchant armour
 T - 4 scrolls of teleportation
 U - 2 scrolls of enchant weapon
 V - 2 scrolls of vulnerability
Potions
 q - 5 potions of curing
 z - 2 potions of brilliance
 A - a potion of attraction
 K - a potion of magic {!q}
 L - 2 potions of lignification
 W - 4 potions of heal wounds {!q}
 X - a potion of flight
Miscellaneous
 t - a tin of tremorstones (inert)


   Skills:
 + Level 5.4 Fighting
 * Level 12.8(15.3) Axes
 + Level 7.4(11.2) Armour
 - Level 3.3(5.0) Dodging
 + Level 9.1(12.7) Shields
 + Level 2.8 Spellcasting
 + Level 2.8 Evocations


You had 15 spell levels left.
You didn't know any spells.
Your spell library was empty.

Dungeon Overview and Level Annotations

Branches:
Dungeon (12/15)            Temple (0/1) D:5             Orc (1/2) D:9
  Sewer (visited)
   Lair: D:8-11

Altars:
Ashenzari
Qazlal
Trog
The Shining One

Shops:
D:7 *


Innate Abilities, Weirdness & Mutations

You are resistant to damage.
You can heal yourself by infusing magical energy.
You passively map the area around you.
You do not regenerate.


Message History

You hack one of the ten-headed hydra's heads off!
The nine-headed hydra grows two more!
You slash the 11-headed hydra!
The 11-headed hydra is almost dead.
You lop one of the 11-headed hydra's heads off!
The ten-headed hydra grows two more!
You slash the 12-headed hydra!
The 12-headed hydra is almost dead.
The 12-headed hydra bites you!
* * * LOW HITPOINT WARNING * * *
The 12-headed hydra bites you but does no damage.
You block the 12-headed hydra's attack.
The 12-headed hydra bites you but does no damage.
You block the 12-headed hydra's attack. The 12-headed hydra bites you.
You block the 12-headed hydra's attack.
The 12-headed hydra bites you but does no damage. x2
The 12-headed hydra barely misses you. x2
The 12-headed hydra closely misses you.
You barely miss the 12-headed hydra.
The 12-headed hydra is severely wounded.
You hack one of the 12-headed hydra's heads off!
The 11-headed hydra grows two more!
You slash the 13-headed hydra!
The 13-headed hydra is almost dead.
The orc priest invokes the aid of Beogh against you.
Beogh smites you!
* * * LOW HITPOINT WARNING * * *
You block the 13-headed hydra's attack.
The 13-headed hydra completely misses you.
The 13-headed hydra bites you!
* * * LOW HITPOINT WARNING * * *
The 13-headed hydra bites you.
* * * LOW HITPOINT WARNING * * *
The 13-headed hydra bites you.
* * * LOW HITPOINT WARNING * * *
The 13-headed hydra bites you!
* * * LOW HITPOINT WARNING * * *
The 13-headed hydra bites you. The 13-headed hydra barely misses you.
You block the 13-headed hydra's attack.
The 13-headed hydra bites you but does no damage.
The 13-headed hydra barely misses you. x2; The 13-headed hydra bites you.
* * * LOW HITPOINT WARNING * * *
You hack one of the 13-headed hydra's heads off!
The 12-headed hydra grows two more!
You slash the 14-headed hydra!
The 14-headed hydra is almost dead.
You slice one of the 14-headed hydra's heads off!
The 13-headed hydra grows two more!
You slash the 15-headed hydra!
The 15-headed hydra is almost dead.
The orc priest calls down the wrath of Beogh upon you.
Beogh smites you!
* * * LOW HITPOINT WARNING * * *
The 15-headed hydra bites you!
You die...

#### **** *** #.. ,, ,, ,
, #.# * * #############.#
,, ####.............# *
.?.)...########..# *
..))...# #..####### *
<..)...# #......... * *
.......# #######@########
, , ,
.......###...{{#D####...#
**
...........o..{olH.......
, *
..............e#.###.....
, * ###.............†# ,,
..#, ,
,.....#.#.......{.... .*
,....## ##......{.D.#, *
* **,,,,*,, ..#..#...#.#.
, ,*, ,* ....##...#..#.#
*


You could see a 15-headed hydra, a manticore, a deep elf pyromancer, a basilisk
(poisoned, slow) and an orc priest (strong).

Vanquished Creatures
  2 ugly things (D:12)
  Maurice (D:9)
  A komodo dragon (D:9)
  A kobold demonologist (D:10)
  A queen bee (D:10)
  A troll (D:11)
  A hornet (D:7)
  A redback (D:12)
  A wyvern (D:9)
  6 yaks
  A wraith (D:10)
  A basilisk (D:12)
  5 wargs (D:9)
  A water moccasin (D:7)
  A black bear (D:10)
  An orc warrior (D:8)
  An ogre (D:6)
  An ice beast (D:7)
  A phantom (D:5)
  A centaur (D:12)
  21 kobold brigands
  A bullfrog (D:7)
  A scorpion (D:10)
  19 killer bees
  3 wights (D:7)
  A centaur zombie (D:5)
  A hound (D:6)
  A jelly (D:7)
  3 orc priests
  A centaur skeleton (D:4)
  Jessica (D:3)
  A gnoll shaman (D:5)
  2 iguanas
  Terence (D:3)
  6 orc wizards
  A killer bee zombie (D:7)
  A howler monkey zombie (D:9)
  2 adders
  6 gnolls
  5 river rats (Sewer)
  A white imp (D:7)
  4 worms (D:10)
  19 orcs
  A bat (D:3)
  An endoplasm (D:4)
  4 giant cockroaches
  5 goblins
  2 hobgoblins
  4 jackals (D:3)
  20 kobolds
  4 quokkas
  6 ball pythons
  6 frilled lizards
  19 rats (Sewer)
204 creatures vanquished.

Vanquished Creatures (others)
  13 fungi (D:10)
  27 plants
40 creatures vanquished.

Grand Total: 244 creatures vanquished

Notes
Turn   | Place    | Note
-------+----------+-------------------------------------------
     0 | D:1      | Ge0ff the Deep Dwarf Fighter began the quest for the Orb.
     0 | D:1      | Reached XP level 1. HP: 20/20 MP: 1/1
    97 | D:2      | Found a faded altar of an unknown god.
   112 | D:2      | Became a worshipper of Ashenzari the Shackled
   139 | D:3      | Reached XP level 2. HP: 23/28 MP: 2/2
   180 | D:3      | Noticed Jessica
   194 | D:3      | Your magical essence is drained by the effort!
   195 | D:3      | Killed Jessica
   196 | D:3      | Reached skill level 3 in Axes
   196 | D:3      | Reached XP level 3. HP: 34/34 MP: 2/2
   237 | D:3      | Found a glowing drain.
   250 | Sewer    | Entered a sewer
   388 | Sewer    | Reached XP level 4. HP: 24/42 MP: 3/3
   391 | Sewer    | Reached skill level 4 in Axes
   394 | Sewer    | Reached skill level 1 in Spellcasting
   429 | Sewer    | Noticed a kobold brigand
   438 | Sewer    | Your magical essence is drained by the effort!
   450 | Sewer    | Killed a kobold brigand
   451 | Sewer    | Reached skill level 5 in Axes
   451 | Sewer    | Reached XP level 5. HP: 40/49 MP: 4/4
   579 | D:3      | Noticed Terence
   607 | D:3      | Killed Terence
   668 | D:3      | Found a stormy altar of Qazlal.
   755 | D:4      | Reached skill level 6 in Axes
   761 | D:4      | Reached * piety under Ashenzari
   799 | D:4      | Reached XP level 6. HP: 38/56 MP: 5/5
   805 | D:4      | Identified the ring "Nitoenia" {Fly rPois rC- rCorr}
   843 | D:4      | Reached skill level 1 in Dodging
   878 | D:5      | Entered Level 5 of the Dungeon
  1106 | D:5      | Found a staircase to the Ecumenical Temple.
  1204 | D:5      | Reached XP level 7. HP: 53/62 MP: 7/7
  1266 | D:6      | Noticed a cyclops
  1280 | D:7      | Noticed a hornet
  1288 | D:7      | Reached skill level 7 in Axes
  1299 | D:7      | Your magical essence is drained by the effort!
  1311 | D:7      | Paralysed by a hornet for 1 turns
  1315 | D:7      | Your magical essence is drained by the effort!
  1317 | D:7      | Killed a hornet
  1318 | D:7      | Reached skill level 8 in Axes
  1318 | D:7      | Reached skill level 5 in Shields
  1318 | D:7      | Reached XP level 8. HP: 44/72 MP: 7/7
  1351 | D:7      | Found Vukuusmo's Mayhem Merchandise.
  1377 | D:7      | Your magical essence is drained by the effort!
  1489 | D:7      | Reached ** piety under Ashenzari
  1524 | D:7      | Found a glowing golden altar of the Shining One.
  1599 | D:8      | Reached skill level 9 in Axes
  1601 | D:8      | Your magical essence is drained by the effort!
  1702 | D:9      | Noticed Maurice
  1741 | D:9      | Killed Maurice
  1742 | D:9      | Reached skill level 5 in Armour
  1742 | D:9      | Gained mutation: You passively map the area around you.
                  | [Deep Dwarf growth]
  1742 | D:9      | Reached XP level 9. HP: 70/78 MP: 6/6
  1756 | D:9      | Found a bloodstained altar of Trog.
  1841 | D:9      | Reached skill level 10 in Axes
  1883 | D:9      | Found a staircase to the Orcish Mines.
  1893 | Orc:1    | Entered Level 1 of the Orcish Mines
  1895 | Orc:1    | Noticed an orc knight
  1912 | D:9      | Reached skill level 11 in Axes
  1964 | D:9      | Noticed a komodo dragon
  1978 | D:9      | Killed a komodo dragon
  2033 | D:9      | Reached XP level 10. HP: 16/85 MP: 7/7
  2034 | D:9      | Your magical essence is drained by the effort!
  2057 | D:10     | Entered Level 10 of the Dungeon
  2147 | D:9      | Reached *** piety under Ashenzari
  2406 | D:10     | Reached skill level 12 in Axes
  2447 | D:10     | Reached skill level 5 in Fighting
  2447 | D:10     | Reached skill level 1 in Evocations
  2615 | D:12     | Noticed a purple ugly thing
  2621 | D:12     | Noticed a purple ugly thing
  2641 | D:12     | Killed a purple ugly thing
  2642 | D:12     | Killed a purple ugly thing
  2643 | D:12     | Reached XP level 11. HP: 72/96 MP: 6/8
  2650 | D:12     | Noticed a six-headed hydra
  2652 | D:12     | Noticed a deep elf pyromancer
  2659 | D:12     | Noticed an orc knight
  2681 | D:12     | HP: 2/144 [orc priest/divine providence (11)]
  2681 | D:12     | Slain by a 15-headed hydra

Illustrated notes

Levels and vault maps discovered:
D:1:      minmay_arrival_stair_chambers, layout_loops_ring, lemuel_old_faithful
D:2:      layout_loops_corners, hellmonk_ecumenical_altar_zigzags
D:3:      layout_loops_ring, grunt_qazlal_clouds, gup_sewer_entry_pipe,
          kennysheep_potato, uniq_jessica, uniq_terence, uniq_purgy
D:4:      kb_forest_paths, layout_basic, st_stairs_14
D:5:      layout_loops_corners, lemuel_zombie_altar_yredelemnul,
          elyvilon_altar_1, temple_pool_b, hangedman_decor_points,
          eino_small_chamber_without_monster, minmay_misc_feat_cross
D:6:      layout_cave_pools, grunt_temple_overflow_order_and_chaos_1,
          kennysheep_mini, lemuel_round_altar, minmay_manual_monstrance
D:7:      minmay_cornered_nines, layout_layer_cave, general_overflow_altar,
          minmay_shop_mayhem
D:8:      layout_basic, grunt_temple_overflow_growth_and_decay,
          serial_bayou_pond_d
D:9:      layout_gridville, lemuel_doored_altar, minmay_orc_entry_guard_dogs,
          st_stairs_11, minmay_lizard_king, uniq_maurice, uniq_psyche,
          uniq_joseph
D:10:     layout_roguey [special_room_kobold], marbit_many_paths,
          cheibrodos_ashenzari_chains, grunt_lair_entry_orc_guard_hut,
          hive_lemuel
D:11:     layout_basic, special_room [special_room_orc], uniq_erica, uniq_grum
D:12:     minmay_the_grid_octo_tiled_octocenter_mashed
          [minmay_the_grid_octo_checkered, minmay_the_grid_octo_horde,
          minmay_the_grid_octo_pinwheel, minmay_the_grid_octo_fan_narrow,
          minmay_the_grid_octo_prize_square_snowflake,
          minmay_the_grid_square_5x5_shrine2, minmay_the_grid_square_5x5_fat_x,
          minmay_the_grid_square_5x5_comb, minmay_the_grid_square_5x5_c],
          layout_loops_ring
Orc:1:    nicolae_orc_accident_3, layout_caves, uniq_nergalle

Skill      XL: |  1  2  3  4  5  6  7  8  9 10 |
---------------+-------------------------------+-----
Fighting       | 3 4 5 |  5.4
Axes           | 3 5 6 8 9 11 12 | 12.8
Spellcasting   | 1 2 |  2.8
Dodging        | 1 2 3 |  3.3
Armour         | 4 5 6 7 |  7.4
Shields        | 4 5 6 7 9 |  9.1
Evocations     | 2 |  2.8

Action                   |  1- 3 |  4- 6 |  7- 9 | 10-12 || total
-------------------------+-------+-------+-------+-------++-------
Melee: War axe           |    66 |   120 |   264 |   270 ||   720
Throw: Dart              |       |       |       |     8 ||     8
Invok: Curse Item        |     1 |     1 |     2 |     1 ||     5
 Abil: Heal Wounds       |     1 |     4 |    20 |     5 ||    30
Evoke: Wand              |       |       |       |     1 ||     1
       Tin of tremorston |       |       |       |     2 ||     2
  Use: Potion            |     1 |     1 |       |     1 ||     3
Armor: Scale mail        |    48 |    30 |       |       ||    78
       Chain mail        |       |    43 |   116 |   112 ||   271
Dodge: Dodged            |    19 |    48 |   101 |    84 ||   252
Block: Kite shield       |    44 |    78 |   197 |   175 ||   494

Table legend: (Time is in decaauts)
 A = Elapsed time spent in this place.
 B = Non-inter-level travel time spent in this place.
 C = Inter-level travel time spent in this place.
 D = Time resting spent in this place.
 E = Time spent auto-exploring this place.
 F = Levels seen in this place.
 G = Mean time per level.
                   A        B        C        D        E       F      G
               +--------+--------+--------+--------+--------+-----+--------+
         Total |   2780 |   2769 |     11 |      0 |      0 |  14 |  198.6 |
       Dungeon |   2429 |   2418 |     11 |      0 |      0 |  12 |  202.4 |
  Orcish Mines |      6 |      6 |      0 |      0 |      0 |   1 |    6.0 |
         Sewer |    344 |    344 |      0 |      0 |      0 |   1 |  344.0 |
               +--------+--------+--------+--------+--------+-----+--------+

Top non-repeatable levels by time:
    D:10: 422 daAuts
     D:4: 411 daAuts
     D:9: 374 daAuts
   Sewer: 344 daAuts
     D:7: 319 daAuts
     D:3: 279 daAuts
     D:8: 147 daAuts
     D:5: 107 daAuts
    D:12: 91 daAuts
     D:6: 84 daAuts
     D:2: 82 daAuts
     D:1: 73 daAuts
    D:11: 34 daAuts
   Orc:1: 6 daAuts
